 Dungeon Crawl Stone Soup version 0.30-a0-141-g30f27751c5 (webtiles) character file.

Game seed: 16387547808772055414

111 qw the Chopper (level 4, -2/28 HPs)
             Began as a Gargoyle Fighter on Sept 25, 2022.
             Killed by divine providence
             ... invoked by an orc priest
              (12 damage)
             ... on level 3 of the Dungeon.
             The game lasted 00:00:55 (2270 turns).

qw the Chopper (Gargoyle Fighter)                   Turns: 2270, Time: 00:00:56

Health: -2/28      AC: 11    Str: 22    XL:     4   Next: 92%
Magic:  4/4        EV:  9    Int:  8    God:
Gold:   26         SH:  4    Dex:  9    Spells: 3/3 levels left

rFire   . . .      SeeInvis .    Y - +0 war axe
rCold   . . .      Faith    .    c - +0 buckler
rNeg    + . .      Spirit   .    b - +0 scale mail
rPois   inf        Reflect  .    (no helmet)
rElec   +          Harm     .    (no cloak)
rCorr   .          Rampage  .    o - +0 pair of gloves
Will    .....                    (no boots)
Stlth   ..........               (no amulet)
HPRegen 0.09/turn                (no ring)
MPRegen 0.09/turn                (no ring)

@: no status effects
A: sickness immunity, AC +3, negative energy resistance 1, electricity
resistance, torment resistance 1, petrification resistance
a: no special abilities


You were on level 3 of the Dungeon.
You visited 1 branch of the dungeon, and saw 3 of its levels.

You collected 70 gold pieces.
You spent 44 gold pieces at shops.


Innate Abilities, Weirdness & Mutations

You are immune to sickness and miasma.
Your stone body is resilient. (AC +3)
You are immune to poison.
You resist negative energy. (rN+)
You are resistant to electric shocks. (rElec)
You are resistant to unholy torment.
You are immune to petrification.


   Skills:
 - Level 3.2 Fighting
 + Level 4.5 Axes
 - Level 3.2 Armour
 - Level 3.2 Shields


You had 3 spell levels left.
You didn't know any spells.
Your spell library was empty.

Inventory:

Hand Weapons
 j - a +0 whip
 Y - a +0 war axe (weapon)
Armour
 b - a +0 scale mail (worn)
 c - a +0 buckler (worn)
 o - a +0 pair of gloves (worn)
Scrolls
 f - 2 scrolls of teleportation
 h - a scroll of identify
Potions
 d - a potion of might
 e - 3 potions of curing
 k - a potion of haste
 l - a potion of magic {unknown}

Dungeon Overview and Level Annotations

Branches:
Dungeon (3/15)

Altars:

Shops:
D:2 *

Annotations:
D:2 1 runed translucent door, Crazy Yiuf


Message History

You block Terence's attack.
Terence hits you with a +1 vorpal hand axe.
You barely miss Terence.
Terence is severely wounded.
Terence hits you but does no damage.
An orc comes into view. It is wielding a +0 mace.
You hit Terence.
Terence is almost dead.
You hit the orc. The orc barely misses you.
Terence hits you with a +1 vorpal hand axe.
You slash Terence!
You kill Terence!
You hit the orc. You block the orc's attack.
The orc hits you but does no damage.
You closely miss the orc.
The orc is severely wounded.
The orc barely misses you.
You slash the orc!
You kill the orc!
2252 ||| FLEEEEING.
An orc priest comes into view. It is wielding a +0 hand axe.
Things that are here:
a bat corpse; a worm corpse
2253 ||| Stepping ~*~*~tactically~*~*~ (stealth).
The orc attacks as you move away! The orc hits you but does no damage.
You slash the orc!
You kill the orc!
2255 ||| FLEEEEING.
The orc priest shouts!
2256 ||| FLEEEEING.
2257 ||| FLEEEEING.
2263 ||| FLEEEEING.
2264 ||| FLEEEEING.
2267 ||| FLEEEEING.
2268 ||| FLEEEEING.
A worm comes into view.
The orc priest invokes the aid of Beogh against you.
Beogh smites you!
You die...

#####o# #.# #.#
#.# #####.#
#.....# #....o#
#.....#
#######..@..#
###
#...........#
..#
#.#####.#.###
..###
#.#####.#.#
....##
#.%.......#
.....#
#.##.##.###
.....# #.##.##.#
.....###.......#
.....%......##w#


You could see an orc priest.

Vanquished Creatures
  Terence (D:3)
  3 adders
  A worm (D:3)
  A dart slug (D:1)
  2 orcs (D:3)
  A ball python (D:2)
  7 endoplasms
  A giant cockroach (D:1)
  4 goblins
  4 hobgoblins
  9 kobolds
  3 quokkas
  7 bats
  6 frilled lizards
  2 rats
52 creatures vanquished.

Notes
Turn   | Place    | Note
-------+----------+-------------------------------------------
     0 | D:1      | qw the Gargoyle Fighter began the quest for the Orb.
     0 | D:1      | Reached XP level 1. HP: 14/14 MP: 1/1
     0 | D:1      | 0 ||| qw: Version: 0.2-a-10-g399e6c4
     0 | D:1      | 0 ||| qw: Game counter: 292
     0 | D:1      | 0 ||| qw: Always use a shield: true
     0 | D:1      | 0 ||| qw: God list: Okawaru
     0 | D:1      | 0 ||| qw: Allow faded altars: false
     0 | D:1      | 0 ||| qw: Do Orc after D:15 true
     0 | D:1      | 0 ||| qw: Do second Lair branch before Depths: true
     0 | D:1      | 0 ||| qw: Lair rune preference: random
     0 | D:1      | 0 ||| qw: Plans: Normal, Zot:1-4, God:TSO, Crypt, Tomb,
                  | Pan, Slime:5, Hells, Abyss, Orb
     0 | D:1      | 0 ||| PLANNING D:1-11
    20 | D:1      | 20 ||| Stepping ~*~*~tactically~*~*~ (hiding).
    22 | D:1      | 22 ||| Stepping ~*~*~tactically~*~*~ (hiding).
    28 | D:1      | Reached skill level 2 in Axes
    82 | D:1      | Reached XP level 2. HP: 19/19 MP: 2/2
   354 | D:1      | Found a faded altar of an unknown god.
   561 | D:1      | 561 ||| DROPPING +0 club.
   673 | D:1      | Reached skill level 3 in Axes
   684 | D:1      | Reached XP level 3. HP: 23/23 MP: 3/3
   847 | D:1      | 847 ||| DROPPING orb of wrath.
   848 | D:1      | 848 ||| READING scroll labelled UPPAAD OMALA.
   852 | D:1      | 852 ||| READING scroll labelled XAUXEF VEUJO.
   853 | D:1      | 853 ||| DRINKING 2 amethyst potions.
  1213 | D:2      | 1213 ||| Stepping ~*~*~tactically~*~*~ (stealth).
  1214 | D:2      | 1214 ||| Stepping ~*~*~tactically~*~*~ (stealth).
  1215 | D:2      | 1215 ||| Stepping ~*~*~tactically~*~*~ (stealth).
  1216 | D:2      | Found Eklamas's General Store.
  1218 | D:2      | 1218 ||| Stepping ~*~*~tactically~*~*~ (stealth).
  1219 | D:2      | 1219 ||| Stepping ~*~*~tactically~*~*~ (stealth).
  1246 | D:2      | 1246 ||| SHOPLISTING +0 chain mail (49 gold, have 47).
  1246 | D:2      | 1246 ||| SHOPLISTING +1 pair of gloves (126 gold, have 47).
  1246 | D:2      | 1246 ||| SHOPLISTING +6 ring of dexterity (396 gold, have
                  | 47).
  1246 | D:2      | 1246 ||| SHOPLISTING ring of fire (275 gold, have 47).
  1246 | D:2      | 1246 ||| BUYING scroll of identify (22 gold).
  1246 | D:2      | Bought a scroll of identify for 22 gold pieces
  1246 | D:2      | 1246 ||| BUYING scroll of identify (22 gold).
  1246 | D:2      | Bought a scroll of identify for 22 gold pieces
  1296 | D:2      | 1296 ||| FLEEEEING.
  1297 | D:2      | 1297 ||| FLEEEEING.
  1298 | D:2      | 1298 ||| FLEEEEING.
  1301 | D:2      | 1301 ||| FLEEEEING.
  1302 | D:2      | 1302 ||| FLEEEEING.
  1303 | D:2      | 1303 ||| FLEEEEING.
  1304 | D:2      | 1304 ||| FLEEEEING.
  1305 | D:2      | 1305 ||| FLEEEEING.
  1306 | D:2      | 1306 ||| FLEEEEING.
  1307 | D:2      | 1307 ||| FLEEEEING.
  1308 | D:2      | 1308 ||| STAIRDANCE
  1381 | D:1      | 1381 ||| UPGRADING to +0 pair of gloves.
  1386 | D:1      | 1386 ||| READING scroll labelled LOXTEW ILIKLI.
  1387 | D:1      | 1387 ||| READING scroll labelled DIBRYZ KEJAE.
  1388 | D:1      | 1388 ||| READING scroll labelled PERUFO JAIG.
  1389 | D:1      | 1389 ||| READING 3 scrolls of identify.
  1389 | D:1      | 1389 ||| IDENTIFYING green potion
  1390 | D:1      | 1390 ||| READING 2 scrolls of identify.
  1390 | D:1      | 1390 ||| IDENTIFYING metallic purple potion
  1391 | D:1      | 1391 ||| DROPPING potion of brilliance.
  1392 | D:1      | 1392 ||| DROPPING potion of degeneration.
  1404 | D:2      | 1404 ||| STAIRDANCE
  1622 | D:2      | Reached XP level 4. HP: 28/28 MP: 4/4
  1699 | D:2      | 1699 ||| Stepping ~*~*~tactically~*~*~ (stealth).
  1759 | D:2      | Found a runed translucent door.
  1760 | D:2      | Noticed Crazy Yiuf
  1910 | D:2      | 1910 ||| READING scroll labelled YKIUNOPINU.
  1911 | D:2      | 1911 ||| READING scroll labelled AGOITE BUUZXA.
  1912 | D:2      | 1912 ||| READING 2 scrolls of identify.
  1912 | D:2      | 1912 ||| IDENTIFYING sedimented coppery potion
  1953 | D:3      | 1953 ||| STAIRDANCE
  2071 | D:3      | Reached skill level 4 in Axes
  2071 | D:3      | 2071 ||| STAIRDANCE
  2239 | D:3      | Noticed Terence
  2249 | D:3      | Killed Terence
  2252 | D:3      | 2252 ||| FLEEEEING.
  2253 | D:3      | 2253 ||| Stepping ~*~*~tactically~*~*~ (stealth).
  2255 | D:3      | 2255 ||| FLEEEEING.
  2256 | D:3      | 2256 ||| FLEEEEING.
  2257 | D:3      | 2257 ||| FLEEEEING.
  2263 | D:3      | 2263 ||| FLEEEEING.
  2264 | D:3      | 2264 ||| FLEEEEING.
  2267 | D:3      | 2267 ||| FLEEEEING.
  2268 | D:3      | 2268 ||| FLEEEEING.
  2270 | D:3      | Killed from afar by an orc priest

Levels and vault maps discovered:
D:1:      psy_arrival_dodecagon, layout_basic, basic_ecumenical_altar,
          minmay_tromino_v4_c
D:2:      layout_basic, serial_shops, nicolae_square_shop, minmay_tall_x,
          uniq_crazy_yiuf_cottage
D:3:      layout_loops_cross, lemuel_tele_altar, xom_redecorated,
          gammafunk_ghost_split, uniq_terence

Skill      XL: |  1  2  3  4 |
---------------+-------------+-----
Axes           | 2 3 4 |  4.5
Fighting       | |  3.2
Armour         | |  3.2
Shields        | |  3.2

Action                   |  1- 3 |  4- 6 || total
-------------------------+-------+-------++-------
Melee: War axe           |   117 |    38 ||   155
  Use: Scroll            |     7 |     3 ||    10
       Potion            |     1 |       ||     1
Armor: Scale mail        |    50 |    18 ||    68
Dodge: Dodged            |    48 |    18 ||    66
Block: Buckler           |    28 |     7 ||    35

Table legend:
 A = Non-vault XP
 B = Vault XP
 C = Vault XP percentage of total XP
 D = Non-vault monster count
 E = Vault monster count
 F = Vault count percentage of total count
                 A         B        C        D         E       F
            +---------+---------+-------+---------+---------+-------
      Total |     105 |      54 |  34.0 |      45 |       7 |  13.5
            +---------+---------+-------+---------+---------+-------
        D:1 |      34 |       4 |  10.5 |      20 |       2 |   9.1
        D:2 |      40 |      18 |  31.0 |      17 |       4 |  19.0
        D:3 |      31 |      32 |  50.8 |       8 |       1 |  11.1
            +---------+---------+-------+---------+---------+-------
